Map: Eastwatch LE

Players

Synastren - Winner!

  • Race: Zerg Zerg
  • League: Diamond
  • Spawn Location: 1:00

WIRAQUCHA

  • Race: Protoss Protoss
  • League: Diamond
  • Spawn Location: 7:00

VOD

Have the link to the VOD?

Description

Time

  • Played on: April 19, 2018, 6 p.m.
  • Length: 17:40
Show
View Real Time Build Order
Export as new Build Order

Synastren Zerg - Winner!

Build Orders: Pool First, Swarm Host 

Get SALT Encoding   

  12  0:01  Drone  
  13  0:12  Overlord  
  13  0:17  Drone  
  14  0:31  Drone x2  
  16  0:36  Drone  
  17  0:46  Drone  
  18  0:53  Spawning Pool  
  17  1:11  Hatchery  
  17  1:14  Drone  
  17  1:18  Extractor  
  16  1:19  Drone  
  16  1:22  Drone  
  18  1:28  Drone  
  19  1:39  Queen  
  19  1:44  Overlord  
  21  1:55  Zergling x2  
  22  2:13  Zergling x4  
  24  2:18  Lair  
  24  2:23  Queen  
  24  2:24  Drone  
  27  2:39  Drone  
  27  2:43  Drone x2  
  27  2:44  Drone  
  31  2:46  Spore Crawler  
  31  2:50  Drone  
  31  2:52  Spore Crawler  
  31  2:55  Spine Crawler  
  28  3:04  Zergling x6  
  29  3:09  Spine Crawler  
  27  3:23  Drone  
  27  3:24  Drone x3  
  28  3:29  Infestation Pit  
  28  3:30  Drone  
  28  3:31  Drone x2  
  30  3:36  Extractor  
  30  3:37  Drone  
  30  3:44  Drone  
  30  3:45  Drone  
  32  3:49  Drone  
  32  3:51  Drone  
  34  3:58  Metabolic Boost  
  34  4:01  Overlord  
  34  4:09  Queen  
  35  4:22  Swarm Host  
  35  4:23  Swarm Host  
  40  4:30  Swarm Host  
  43  4:48  Zergling x2  
  43  5:01  Overlord x2  
  41  5:24  Zergling x2  
  41  5:25  Zergling x12  
  47  5:38  Zergling x2  
  47  5:40  Swarm Host x4  
  60  5:47  Queen  
  58  5:59  Zergling x2  
  58  6:00  Zergling x2  
  56  6:13  Zergling x2  
  44  6:31  Zergling x4  
  38  6:42  Drone x5  
  38  6:43  Drone  
  41  6:47  Zergling x4  
  40  7:01  Zergling x6  
  42  7:09  Drone x2  
  42  7:15  Spawning Pool  
  43  7:16  Zergling x4  
  45  7:29  Zergling x2  
  43  7:44  Swarm Host  
  43  7:45  Swarm Host x3  
  55  7:52  Drone x2  
  55  7:56  Zergling x2  
  50  8:15  Drone x3  
  52  8:47  Drone x2  
  54  8:51  Extractor  
  54  8:52  Extractor  
  52  9:04  Overlord x3  
  51  9:20  Hatchery  
  51  9:22  Queen  
  52  9:32  Hatchery  
  51  9:48  Zergling x14  
  58  10:04  Zergling x4  
  60  10:10  Queen  
  62  10:33  Zergling x4  
  66  10:50  Hatchery  
  66  10:51  Zergling x4  
  67  10:59  Drone  
  68  11:07  Lair  
  66  11:34  Overlord x3  
  66  11:50  Overlord x3  
  60  12:19  Drone x3  
  63  12:32  Drone  
  63  12:33  Drone x2  
  66  12:50  Drone  
  66  12:51  Queen  
  69  13:09  Drone x8  
  69  13:12  Queen  
  79  13:18  Spire  
  78  13:37  Drone x7  
  78  13:40  Extractor  
  84  13:41  Extractor  
  83  14:07  Overlord x3  
  83  14:25  Queen  
  83  14:26  Drone x2  
  83  14:27  Drone x7  
  94  15:04  Spine Crawler, Lair  
  94  15:06  Spine Crawler  
  92  15:09  Spine Crawler  
  91  15:29  Zergling x18  
  100  15:46  Spore Crawler  
  99  15:52  Hatchery  
  98  16:07  Corruptor x5  
  105  16:18  Queen  
  107  16:22  Overlord x3  
  107  16:40  Queen  
  107  16:41  Corruptor x3  
Show
View Real Time Build Order
Export as new Build Order

WIRAQUCHA Protoss 

Build Orders:  

Get SALT Encoding   

  12  0:01  Probe  
  13  0:13  Probe  
  14  0:21  Pylon  
  14  0:26  Probe  
  15  0:39  Probe  
  15  0:42  Gateway  
  16  0:51  Probe  
  16  0:52  Assimilator  
  17  1:03  Probe  
  18  1:15  Gateway, Probe  
  18  1:17  Gateway  
  19  1:27  Probe  
  19  1:29  Cybernetics Core  
  20  1:39  Probe  
  21  1:40  Assimilator  
  21  1:45  Pylon  
  21  1:51  Probe  
  22  1:59  Adept x2  
  22  2:01  Adept  
  22  2:04  Probe  
  27  2:13  Warp Gate  
  29  2:18  Probe  
  30  2:30  Pylon  
  30  2:37  Probe  
  31  2:48  Adept x2  
  35  3:00  Robotics Facility  
  33  3:29  Nexus  
  33  3:33  Gateway  
  33  3:45  Observer  
  33  3:47  Twilight Council  
  33  3:54  Probe  
  35  4:06  Probe  
  36  4:13  Warp Prism  
  36  4:18  Probe  
  39  4:24  Pylon  
  39  4:34  Pylon  
  39  4:36  Pylon  
  39  4:47  Adept x4  
  47  5:04  Probe  
  47  5:08  Probe  
  47  5:12  Probe  
  49  5:16  Templar Archives  
  49  5:20  Probe  
  49  5:22  Probe  
  48  5:30  Zealot x3  
  48  5:32  Probe  
  48  5:34  Probe  
  56  5:45  Probe  
  56  5:47  Probe  
  52  6:00  Adept x4  
  58  6:04  Probe  
  58  6:05  Probe  
  44  6:30  Immortal  
  40  6:38  Stalker x4  
  50  6:46  Probe  
  39  6:56  Probe  
  39  6:59  Probe  
  40  7:04  Probe  
  41  7:11  Probe  
  41  7:12  Sentry x2  
  41  7:14  Probe  
  47  7:22  Probe  
  47  7:24  Probe  
  45  7:32  Probe  
  45  7:36  Probe  
  45  7:44  Probe  
  45  7:47  Assimilator  
  45  7:48  Probe  
  45  7:49  Assimilator  
  45  7:51  Zealot x4  
  51  7:57  Probe  
  56  8:00  Probe  
  55  8:19  Probe  
  52  8:32  Probe  
  46  8:35  Probe  
  46  8:40  Probe  
  49  9:14  Nexus  
  49  9:21  Pylon  
  49  9:23  Pylon  
  49  9:25  Pylon  
  49  9:39  Probe x2  
  51  9:48  Pylon  
  51  9:51  Probe x2  
  45  10:04  Probe x2  
  45  10:15  Nexus  
  45  10:16  Probe  
  46  10:22  Pylon  
  46  10:23  Probe  
  46  10:28  Probe  
  48  10:33  Zealot  
  48  10:34  Zealot x2  
  54  10:35  Probe  
  44  10:56  High Templar x2  
  44  11:07  Probe x2  
  46  11:12  Archon  
  46  11:15  Probe  
  46  11:18  Pylon  
  46  11:24  High Templar  
  46  11:25  High Templar  
  48  11:32  Archon  
  41  11:46  Probe  
  42  11:56  Probe  
  42  11:58  Probe x2  
  45  12:10  Probe  
  35  12:17  Probe  
  35  12:24  Gateway  
  35  12:26  Gateway  
  35  12:29  Gateway  
  35  12:31  Gateway  
  35  12:33  Assimilator  
  34  13:00  Assimilator  
  34  13:03  Assimilator  
  34  13:13  Forge  
  34  13:16  Pylon  
  34  13:20  Pylon  
  34  13:26  Zealot x2  
  36  13:41  Zealot  
  36  13:42  Zealot  
  40  13:49  Cybernetics Core  
  40  13:50  Photon Cannon  
  40  14:12  Probe  
  41  14:24  Probe  
  41  14:31  Stargate  
  41  14:34  Stargate  
  41  14:38  Stargate  
  41  14:48  Zealot x3  
  39  15:13  Pylon  
  39  15:16  Pylon  
  39  15:24  Phoenix  
  39  15:26  Phoenix  
  39  15:27  Phoenix  
  43  15:38  Probe  
  43  16:07  Phoenix  
  43  16:09  Probe  
  44  16:46  Nexus  
  44  16:51  Pylon  
  44  17:04  Sentry  
  46  17:13  Probe  
  41  17:25  Probe  
Tags
 
Composition
Swarm Host
Matchup
PvZ
Opening
Pool First
Spawn Locations
Cross Positions
Add a new tag
Caveats
  • Supply blocks, unpowered buildings, or Contaminate may cause inaccurate times.
  • Supply counts are checked every 10 seconds.